 Dungeon Crawl Stone Soup version 0.21.0-37-g46506fa (webtiles) character file.

51 garbagetei the Slasher (level 3, 0/30 HPs)
             Began as a Draconian Skald on Jan 30, 2018.
             Succumbed to an adder's poison
             ... on level 2 of the Dungeon.
             The game lasted 00:03:52 (1541 turns).

garbagetei the Slasher (Draconian Skald)            Turns: 1541, Time: 00:03:52

Health: 0/30       AC:  5    Str: 13    XL:     3   Next: 58%
Magic:  6/6        EV: 12    Int: 14    God:
Gold:   38         SH:  0    Dex: 10    Spells: 5/6 levels left

rFire    . . .     SeeInvis .   a - +0 falchion
rCold    . . .     Gourm    .   (no shield)
rNeg     + . .     Faith    .   (armour unavailable)
rPois    .         Spirit   .   (helmet restricted)
rElec    .         Reflect  .   (no cloak)
rCorr    .         Harm     .   (no gloves)
MR       .....                  (no boots)
Stlth    +.........             (no amulet)
HPRegen  0.10/turn              f - ring of positive energy
MPRegen  0.10/turn              (no ring)

@: lethally poisoned (0 -> -2)
A: unfitting armour, cold-blooded, AC +5
a: no special abilities


You were on level 2 of the Dungeon.
You were very hungry.

You visited 1 branch of the dungeon, and saw 2 of its levels.

You collected 38 gold pieces.

Inventory:

Hand Weapons
 a - a +0 falchion (weapon)
Missiles
 g - 7 tomahawks of returning (quivered)
Jewellery
 f - a ring of positive energy (left hand)
Scrolls
 e - 4 scrolls of identify {unknown}
Potions
 h - a potion of lignification {unknown}
 i - a potion of magic {unknown}
Books
 b - a book of Battle

   Spells                             Type                      Level
   a - Infusion                       Charms                       1
   b - Shroud of Golubria             Charms/Translocation         2
   c - Song of Slaying                Charms                       2
   d - Spectral Weapon                Hexes/Charms                 3
   e - Regeneration                   Charms/Necromancy            3
Comestibles
 c - 3 rations


   Skills:
 + Level 2.4 Fighting
 * Level 3.3 Long Blades
 + Level 2.4 Dodging
 + Level 2.1 Spellcasting
 + Level 2.9 Charms


You had 5 spell levels left.
You knew the following spells:

 Your Spells              Type           Power        Failure   Level  Hunger
a - Infusion              Chrm           #...         7%          1    ##.....


Dungeon Overview and Level Annotations

Branches:
Dungeon (2/15)

Altars:
Makhleb

Annotations:
D:1 Sigmund
D:2 Terence


Innate Abilities, Weirdness & Mutations

Your plain brown scales are hard. (AC +5)
You cannot fit into any form of body armour.
You are cold-blooded and may be slowed by cold attacks.


Message History

Terence is nearby!
The adder hisses angrily.
The adder bites you but does no damage. The adder bites you but does no damage.
The adder closely misses you.
You riposte.
You hit the adder.
The adder is moderately wounded.
The adder bites you.
Found 5 gold pieces.
The adder bites you.
You are poisoned.
The adder poisons you!
You feel sick. The adder barely misses you.
You riposte.
You hit the adder but do no damage. You tail-slap the adder.
The adder is severely wounded.
A bat comes into view.
The adder bites you.
* * * LOW HITPOINT WARNING * * *
The adder bites you.
* * * LOW HITPOINT WARNING * * *
You die...

##.#######################
b....$...@................
###.####S########.#####.###
####... #......# #.###
#.### .... #.####..###.#
#...# #....
.....#....@......# ##)'#
##### ...#.##...#..#####
♣..♣ # #.._...#@#..# ♣..♣ #
...#.#.......# ♣..♣
####.#.##.#.## ♣..♣


You could see an adder.

Vanquished Creatures
  3 adders (D:2)
  A leopard gecko (D:1)
  A ball python (D:1)
  A goblin (D:1)
  4 hobgoblins
  3 kobolds
  5 bats
  3 frilled lizards (D:1)
  4 rats (D:1)
25 creatures vanquished.

Notes
Turn   | Place    | Note
-------+----------+-------------------------------------------
     0 | D:1      | garbagetei the Draconian Skald began the quest for the Orb.
     0 | D:1      | Reached XP level 1. HP: 17/17 MP: 3/3
   303 | D:1      | Reached XP level 2. HP: 20/25 MP: 5/5
   768 | D:2      | Reached XP level 3. HP: 29/30 MP: 6/6
   858 | D:2      | Reached skill level 3 in Long Blades
  1383 | D:2      | Noticed Terence
  1396 | D:2      | Found a burning altar of Makhleb.
  1402 | D:2      | Noticed Sigmund
  1540 | D:2      | HP: 1/30 [adder (4)]
  1541 | D:2      | Succumbed to an adder's poison

Skill      XL: |  1  2  3 |
---------------+----------+-----
Long Blades    | 3 |  3.3
Fighting       | |  2.4
Dodging        | |  2.4
Spellcasting   | |  2.1
Charms         | |  2.9

Action                   || total
-------------------------++-------
Melee: Falchion          ||    91
       Tailslap          ||     5
 Cast: Infusion          ||     1
  Use: Scroll            ||     1
  Eat: Chunk             ||     1
Armor: Skin              ||    42
Dodge: Dodged            ||    75
       Rpst.: Falchion   ||    22
